 Dungeon Crawl Stone Soup version 0.26-a0-30-g56b8cd3df0 (webtiles) character file.

Game seed: 11891334982547418944, levelgen mode: deterministic

219 vurker the Gusty (level 5, 0/30 HPs)
             Began as a Tengu Air Elementalist on May 29, 2020.
             Slain by a jelly (3 damage)
             ... on level 4 of the Dungeon.
             The game lasted 00:04:51 (4470 turns).

vurker the Gusty (Tengu Air Elementalist)           Turns: 4470, Time: 00:04:52

Health: 0/30       AC: -2    Str:  8    XL:     5   Next: 96%
Magic:  3/11       EV: 15    Int: 17    God:
Gold:   208        SH:  0    Dex: 14    Spells: 1/11 levels left

rFire    + . .     SeeInvis .   m - +2 dagger (venom)
rCold    . . .     Gourm    .   (no shield)
rNeg     . . .     Faith    .   a - +0 robe
rPois    .         Spirit   .   (helmet restricted)
rElec    .         Reflect  .   h - scarf {+Inv}
rCorr    .         Harm     .   (no gloves)
MR       .....                  (boots unavailable)
Stlth    ++........             (no amulet)
HPRegen  0.10/turn              g - ring of protection from fire
MPRegen  0.12/turn              (no ring)

@: corroded, flying quickly and evasively, very slightly contaminated, quick
A: beak, talons 3, able to fly
a: Stop Flying, Evoke Invisibility


You were on level 4 of the Dungeon.
You were not hungry.

You visited 1 branch of the dungeon, and saw 4 of its levels.

You collected 208 gold pieces.

Inventory:

Hand Weapons
 l - a +1 dagger of venom
   (You found it on level 3 of the Dungeon)
 m - a +2 dagger of venom (weapon)
   (You took it off Jessica on level 2 of the Dungeon)
Armour
 a - a +0 robe (worn)
 h - a scarf of invisibility (worn)
   (You found it on level 2 of the Dungeon)
Jewellery
 g - a ring of protection from fire (left hand)
   (You found it on level 1 of the Dungeon)
Scrolls
 b - a scroll of enchant weapon {unknown}
 c - 4 scrolls of teleportation {unknown}
 f - 3 scrolls of identify {unknown}
 k - 3 scrolls of remove curse {unknown}
 n - a scroll of magic mapping {unknown}
 r - a scroll of amnesia {unknown}
 s - a scroll of blinking {unknown}
 t - 2 scrolls of immolation {unknown}
 u - a scroll of random uselessness {unknown}
Potions
 d - a potion of stabbing {unknown}
 i - a potion of resistance {unknown}
 j - a potion of curing
 o - a potion of mutation {unknown}
 p - a potion of invisibility {unknown}
 q - 2 potions of flight {unknown}
Comestibles
 e - 5 rations


   Skills:
 + Level 2.0 Fighting
 - Level 2.1 Dodging
 - Level 2.0 Stealth
 * Level 3.6 Spellcasting
 + Level 3.1 Conjurations
 * Level 5.8 Air Magic


You had one spell level left.
You knew the following spells:

 Your Spells              Type           Power        Failure   Level  Hunger
a - Shock                 Conj/Air       ###.         2%          1    None
b - Lightning Bolt        Conj/Air       ###.......   58%         5    ######.
c - Airstrike             Air            ###.......   14%         4    ####...

Your spell library contained the following spells:

 Spells                   Type           Power        Failure   Level  Hunger
 Swiftness                Chrm/Air       ##......     8%          2    ##.....
 Static Discharge         Conj/Air       ###.....     8%          3    ###....


Dungeon Overview and Level Annotations

Branches:
Dungeon (4/15)
 Temple: D:4-7

Altars:
Ashenzari
Gozag


Innate Abilities, Weirdness & Mutations

You have a beak for a mouth.
You have claws for feet.
You can fly continuously.


Message History

The zap hits the orc wizard.
The orc shouts!
The leopard gecko hisses angrily.
The zap hits the orc wizard!
The zap hits the orc.
The zap hits the orc but does no damage.
A jackal comes into view.
A jelly comes into view.
The zap hits the orc wizard.
The zap hits the orc. x2
You kill the orc!
The jelly quivers.
A jackal comes into view.
The orc wizard barely misses you.
The jackal barks!
You hit the orc wizard but do no damage.
Your kick misses the orc wizard.
A jackal comes into view.
The orc wizard looks encouraged for a moment.
The orc hits you with a +0 club.
You hit the orc wizard. Your peck misses the orc wizard.
The orc wizard mumbles some strange words.
The orc wizard flickers and vanishes!
Deactivating autopickup; reactivate with Ctrl-A.
You hear some strange, mumbled words.
A puff of frost appears from out of thin air!
The puff of frost hits you! The orc misses you.
You closely miss something. Something completely misses you.
The orc hits you with a +0 club.
* * * LOW HITPOINT WARNING * * *
Something hits you but does no damage. Something hits you but does no damage.
The zap hits something.
Reactivating autopickup.
Your Fighting skill increases to level 2!
You feel a bit more experienced.
You closely miss the orc. The orc closely misses you.
The zap hits the jackal. x2
You kill the jackal!
The orc misses you.
The zap hits the jelly. x2; The orc hits you but does no damage.
The jelly hits you but does no damage.
You barely miss the jelly. You claw the jelly. The orc hits you with a +0 club.
* * * LOW HITPOINT WARNING * * *
The jelly hits you.
* * * LOW HITPOINT WARNING * * *
The acid corrodes you!
You are splashed with acid!
* * * LOW HITPOINT WARNING * * *
Unknown command.
Okay, then.
The zap hits the jelly.
The zap hits the leopard gecko.
You kill the leopard gecko!
The zap hits the jackal.
The orc closely misses you. The jelly hits you.
You die...

.#..#
....#
.).#
...#
#..#
#..#
#..#
#@.#
#oJ#
##h#
.h#
.h.#
...)#
......
.....#.
......
.


You could see a jelly, an orc and 2 jackals.

Vanquished Creatures
  Crazy Yiuf (D:3)
  An orc wizard (D:4)
  Jessica (D:2)
  4 gnolls
  4 adders
  An ooze (D:2)
  A worm (D:2)
  A leopard gecko (D:4)
  2 orcs (D:4)
  4 bats
  3 giant cockroaches
  7 goblins
  6 hobgoblins
  4 jackals
  3 kobolds
  A quokka (D:2)
  4 frilled lizards
  6 rats
54 creatures vanquished.

Notes
Turn   | Place    | Note
-------+----------+-------------------------------------------
     0 | D:1      | vurker the Tengu Air Elementalist began the quest for the
                  | Orb.
     0 | D:1      | Reached XP level 1. HP: 10/10 MP: 4/4
   270 | D:1      | Reached XP level 2. HP: 9/16 MP: 0/6
   570 | D:1      | Reached XP level 3. HP: 19/20 MP: 0/7
  1269 | D:2      | Found a shattered altar of Ashenzari.
  1469 | D:2      | Reached skill level 1 in Fighting
  1663 | D:2      | Reached XP level 4. HP: 25/25 MP: 2/9
  1927 | D:2      | Noticed Jessica
  1952 | D:2      | Killed Jessica
  1952 | D:2      | Reached skill level 5 in Air Magic
  2654 | D:2      | Found an opulent altar of Gozag.
  3673 | D:3      | Gained mutation: You can fly continuously. [Tengu growth]
  3673 | D:3      | Reached XP level 5. HP: 29/29 MP: 6/10
  4002 | D:3      | Learned a level 5 spell: Lightning Bolt
  4007 | D:3      | Learned a level 4 spell: Airstrike
  4163 | D:3      | Found a runed translucent door.
  4164 | D:3      | Noticed Crazy Yiuf
  4194 | D:3      | Killed Crazy Yiuf
  4470 | D:4      | Slain by a jelly

Illustrated notes

Levels and vault maps discovered:
D:1:      lightli_arrival_flooded_house, layout_loops_ring
D:2:      layout_basic, marbit_many_paths, first_ration, ashenzari_altar_1,
          uniq_jessica
D:3:      layout_loops_corners, uniq_crazy_yiuf_cottage
D:4:      layout_basic, uniq_grinder

Skill      XL: |  1  2  3  4  5 |
---------------+----------------+-----
Conjurations   | 2 3 |  3.1
Fighting       | 1 2 |  2.0
Spellcasting   | 3 |  3.6
Air Magic      | 5 |  5.8
Dodging        | |  2.1
Stealth        | |  2.0

Action                   |  1- 3 |  4- 6 || total
-------------------------+-------+-------++-------
Melee: Unarmed           |     1 |       ||     1
       Dagger            |     1 |    16 ||    17
       Peck              |       |     1 ||     1
       Kick              |       |     3 ||     3
 Cast: Shock             |    62 |    60 ||   122
 Abil: Fly               |       |     1 ||     1
  Use: Potion            |       |     1 ||     1
 Stab: Sleeping          |     1 |       ||     1
  Eat: Chunk             |     3 |     8 ||    11
Armor: Robe              |     3 |     3 ||     6
Dodge: Dodged            |     5 |    21 ||    26

Table legend:
 A = Non-vault XP
 B = Vault XP
 C = Vault XP percentage of total XP
 D = Non-vault monster count
 E = Vault monster count
 F = Vault count percentage of total count
                 A         B        C        D         E       F
            +---------+---------+-------+---------+---------+-------
      Total |     233 |      81 |  25.8 |      51 |       3 |   5.6
            +---------+---------+-------+---------+---------+-------
        D:1 |      47 |       0 |   0.0 |      20 |       0 |   0.0
        D:2 |      51 |      39 |  43.3 |      13 |       2 |  13.3
        D:3 |      84 |      42 |  33.3 |      13 |       1 |   7.1
        D:4 |      51 |       0 |   0.0 |       5 |       0 |   0.0
            +---------+---------+-------+---------+---------+-------
